Blues vs Bruins
(R1)
Created - February 19, 2021 at 19:29
Goals
|
| Blues |
0 |
1 |
2 |
3 |
| Bruins |
1 |
1 |
0 |
2 |
|
Shots
|
| Blues |
10 |
5 |
10 |
25 |
| Bruins |
6 |
19 |
11 |
36 |
|
1st period
1. Bruins , Jonathan Toews 24 (Dan Hamhuis 13) at 19:41 (PP)
Penalties :
Jake Gardiner (STL) for High sticking (Minor) at 12:43, Filip Forsberg (STL) for Delaying the game (Minor) at 19:06
2nd period
2. Blues , Drew Shore 16 (Alex Pietrangelo 42, Ryan Murray 14) at 17:50
3. Bruins , Victor Oreskovich 11 (Scott Hartnell 11, Jonathan Toews 31) at 18:24
Penalties :
Zack Kassian (Bos) for Holding (Minor) at 0:07, Ryan Murray (STL) for Slashing (Minor) at 2:21, Anthony Mantha (STL) for Roughing (Minor) at 9:12, Slava Voynov (Bos) for Holding (Minor) at 13:26
3rd period
4. Blues , Tyler Johnson 32 (Alex Pietrangelo 43, Nicklas Backstrom 45) at 5:27 (PP)
5. Blues , Linus Omark 8 (Jacob Slavin 12, Nicklas Backstrom 46) at 15:49 (PP)
Penalties :
Henrik Sedin (Bos) for Holding (Minor) at 0:15, Fabian Brunnstrom (STL) for Holding (Minor) at 3:14, Zack Kassian (Bos) for Holding Stick (Minor) at 4:50, Filip Forsberg (STL) for Holding (Minor) at 5:52, Jason Demers (Bos) for Holding (Minor) at 14:49, Filip Forsberg (STL) for Hooking (Minor) at 18:33
Goalie Stats
Carey Price (STL), 34 saves from 36 shots - (0.944), W, 23-12-5, 60:00 minutes
Kevin Poulin (Bos), 22 saves from 25 shots - (0.880), L, 27-13-2, 58:49 minutes
Players Stats for Blues
Player Name G A P +/- PIM S H SB GA TA FO MP PP MP PK MP
------------------------------------------------------------------------------------
Alex Pietrangelo 0 2 2 1 0 3 2 2 1 0 0/0 20:43 3:54 0:37
Anthony Mantha 0 0 0 1 2 0 1 2 0 0 0/1 7:57 0:00 0:00
Brandon Yip 0 0 0 0 0 0 1 1 0 0 0/0 8:32 0:04 0:00
Cody Ceci 0 0 0 0 0 0 0 4 1 1 0/0 16:43 0:14 6:18
David Perron 0 0 0 -1 0 0 2 1 0 0 1/1 17:49 3:05 3:39
Drew Shore 1 0 1 1 0 2 1 1 0 0 6/12 14:25 0:00 6:21
Fabian Brunnstrom 0 0 0 1 2 0 0 0 0 1 0/0 9:47 0:18 1:17
Filip Forsberg 0 0 0 0 6 1 0 0 0 2 0/0 17:18 2:48 1:11
Jacob Slavin 0 1 1 0 0 2 0 0 0 0 0/0 16:04 3:17 1:30
Jake Gardiner 0 0 0 -1 2 0 2 2 3 2 0/0 23:30 3:40 4:02
Kevin Hayes 0 0 0 -1 0 1 2 0 0 0 0/1 13:37 2:48 0:00
Linus Omark 1 0 1 0 0 2 0 0 0 0 0/0 9:32 1:04 0:00
Nicklas Backstrom 0 2 2 0 0 3 0 0 0 1 17/25 18:09 4:19 0:08
Ryan Murray 0 1 1 1 2 3 0 2 0 0 0/0 22:53 3:17 4:10
Ryan O'Reilly 0 0 0 -1 0 1 2 0 1 0 7/11 17:41 2:48 3:56
Tyler Johnson 1 0 1 0 0 5 3 0 2 0 0/2 24:46 4:19 6:34
Vincent Lecavalier 0 0 0 0 0 1 0 1 0 0 4/6 8:13 0:00 0:00
Yann Sauvé 0 0 0 -1 0 1 0 2 0 2 0/0 20:18 0:00 6:29
Players Stats for Bruins
Player Name G A P +/- PIM S H SB GA TA FO MP PP MP PK MP
------------------------------------------------------------------------------------
Brendan Smith 0 0 0 1 0 3 0 3 2 1 0/0 29:29 6:48 4:23
Casey Cizikas 0 0 0 -1 0 7 0 0 0 0 1/3 9:16 0:00 0:15
Dan Hamhuis 0 1 1 -1 0 0 3 0 1 0 0/0 21:01 4:45 2:48
Henrik Sedin 0 0 0 0 2 2 0 1 0 0 7/27 20:20 6:30 0:56
Ian Cole 0 0 0 0 0 0 1 0 0 1 0/0 9:30 0:00 0:00
Jason Demers 0 0 0 1 2 3 3 0 1 3 0/0 29:05 6:48 4:00
Johnny Boychuk 0 0 0 -1 0 1 1 1 0 0 0/0 21:01 4:45 2:48
Jonathan Toews 1 1 2 1 0 4 4 0 0 0 6/9 16:08 4:49 1:52
Kris Chucko 0 0 0 -1 0 2 1 0 0 0 0/0 10:08 0:00 1:07
Matt Read 0 0 0 0 0 1 1 0 0 0 0/0 9:29 0:05 0:00
Mike Ribeiro 0 0 0 0 0 0 2 0 0 0 4/8 10:50 0:54 0:05
Rene Bourque 0 0 0 -1 0 1 0 0 1 0 1/2 9:01 0:00 0:00
Scott Hartnell 0 1 1 1 0 1 3 0 0 0 0/0 15:13 4:48 0:51
Slava Voynov 0 0 0 0 2 0 1 0 0 0 0/0 9:56 0:00 0:23
T.J Galiardi 0 0 0 0 0 3 1 0 0 1 0/0 11:34 0:00 2:15
Victor Oreskovich 1 0 1 1 0 4 2 0 2 1 0/0 14:12 4:49 0:00
Wojtek Wolski 0 0 0 0 0 2 0 2 1 1 5/9 23:44 6:05 4:15
Zack Kassian 0 0 0 0 4 2 2 0 1 0 0/1 22:24 6:38 2:46
3 Stars
1 - Jonathan Toews (Bos)
2 - Alex Pietrangelo (STL)
3 - Carey Price (STL)
Power Play
Blues - 2 on 5 Attempt(s) - 40.00%
Bruins - 1 on 7 Attempt(s) - 14.29%
Penalty Kill
Blues - 6 on 7 Attempt(s) - 85.71%
- Score 0 goal in Penalty Kill
Bruins - 3 on 5 Attempt(s) - 60.00%
- Score 0 goal in Penalty Kill
Team Stat
Blues - Hits : 16 - Faceoff Wins : 35 - Blocked Shots : 18 - Penalty Minutes : 14
Bruins - Hits : 25 - Faceoff Wins : 24 - Blocked Shots : 7 - Penalty Minutes : 10
Official
Referees : Unknown
Linesman : Unknown
Game Notes
No Game Note
Finance
Level 1 -- Attendance: 4223 (70.38%) -- Ticket Income $523,652
Level 2 -- Attendance: 3912 (78.24%) -- Ticket Income $293,400
Level 3 -- Attendance: 1772 (88.60%) -- Ticket Income $77,968
Level 4 -- Attendance: 4000 (100.00%) -- Ticket Income $116,000
Luxury Box -- Attendance: 705 (70.50%) -- Ticket Income $154,395
Game was played at the TD Banknorth Garden.
Total Attendance: 14612 (81.18%)
Total Ticket Income: $1,165,415
Other Income: $174,812
Total Income: $1,340,227
Blues
5 vs 5 Forward
Center Left Wing Right Wing Time % Phy DF OF
1 Nicklas Backstrom Filip Forsberg Tyler Johnson 40 1 2 2
2 Ryan O'Reilly David Perron Kevin Hayes 30 1 2 2
3 Drew Shore Fabian Brunnstrom Anthony Mantha 20 1 2 2
4 Vincent Lecavalier Linus Omark Brandon Yip 10 1 2 2
5 vs 5 Defense
Defense Defense Time % Phy DF OF
1 Alex Pietrangelo Ryan Murray 40 1 2 2
2 Yann Sauvé Jake Gardiner 30 1 2 2
3 Cody Ceci Jacob Slavin 20 1 2 2
4 Alex Pietrangelo Jake Gardiner 10 1 2 2
PowerPlay Forward
Center Left Wing Right Wing Time % Phy DF OF
1 Nicklas Backstrom David Perron Tyler Johnson 60 1 1 3
2 Ryan O'Reilly Filip Forsberg Kevin Hayes 40 1 1 3
PowerPlay Defense
Defense Defense Time % Phy DF OF
1 Alex Pietrangelo Jake Gardiner 60 1 2 2
2 Jacob Slavin Ryan Murray 40 1 2 2
Penalty Kill 4 Players Forward
Center Wing Time % Phy DF OF
1 Drew Shore Tyler Johnson 60 1 3 1
2 Ryan O'Reilly David Perron 40 1 3 1
Penalty Kill 4 Players Defense
Defense Defense Time % Phy DF OF
1 Yann Sauvé Cody Ceci 60 2 3 0
2 Ryan Murray Jake Gardiner 40 2 3 0
Penalty Kill - 3 Players Forward
Forward Time % Phy DF OF
1 Nicklas Backstrom 60 1 2 2
2 Tyler Johnson 40 1 2 2
Penalty Kill - 3 Players Defense
Defense Defense Time % Phy DF OF
1 Alex Pietrangelo Cody Ceci 60 1 2 2
2 Ryan Murray Yann Sauvé 40 1 2 2
4 vs 4 Forward
Center Wing Time % Phy DF OF
1 Nicklas Backstrom Tyler Johnson 60 1 2 2
2 Ryan O'Reilly David Perron 40 1 2 2
4 vs 4 Defense
Defense Defense Time % Phy DF OF
1 Alex Pietrangelo Cody Ceci 60 1 2 2
2 Jake Gardiner Yann Sauvé 40 1 2 2
Last Minutes Offensive
Center Left Wing Right Wing Defense Defense
Nicklas Backstrom David Perron Tyler Johnson Alex Pietrangelo Jake Gardiner
Last Minutes Defensive
Center Left Wing Right Wing Defense Defense
Drew Shore David Perron Tyler Johnson Yann Sauvé Cody Ceci
Goaltenders
Starting : Carey Price
Backup : Pascal Leclaire
Extra Forwards
Normal : Kevin Hayes, Vincent Lecavalier, Ryan O'Reilly - PP : Linus Omark, Nicklas Backstrom - PK : Filip Forsberg
Extra Defensemen
Normal : Cody Ceci, Jake Gardiner, Ryan Murray - PP : Yann Sauvé - PK : Jacob Slavin, Jake Gardiner
Penalty Shots
David Perron, Vincent Lecavalier, Filip Forsberg, Tyler Johnson, Nicklas Backstrom
Scratches
Simon Gagné (Healthy)
Bruins
5 vs 5 Forward
Center Left Wing Right Wing Time % Phy DF OF
1 Henrik Sedin Wojtek Wolski Zack Kassian 40 1 2 2
2 Jonathan Toews Scott Hartnell Victor Oreskovich 30 1 2 2
3 Mike Ribeiro T.J Galiardi Matt Read 20 1 2 2
4 Casey Cizikas Kris Chucko Rene Bourque 10 1 2 2
5 vs 5 Defense
Defense Defense Time % Phy DF OF
1 Jason Demers Brendan Smith 40 1 2 2
2 Johnny Boychuk Dan Hamhuis 30 1 2 2
3 Ian Cole Slava Voynov 20 1 2 2
4 Jason Demers Brendan Smith 10 1 2 2
PowerPlay Forward
Center Left Wing Right Wing Time % Phy DF OF
1 Henrik Sedin Wojtek Wolski Zack Kassian 60 1 2 2
2 Jonathan Toews Scott Hartnell Victor Oreskovich 40 1 2 2
PowerPlay Defense
Defense Defense Time % Phy DF OF
1 Jason Demers Brendan Smith 60 1 2 2
2 Johnny Boychuk Dan Hamhuis 40 1 2 2
Penalty Kill 4 Players Forward
Center Wing Time % Phy DF OF
1 Wojtek Wolski Zack Kassian 60 1 2 2
2 Henrik Sedin Jonathan Toews 40 1 2 2
Penalty Kill 4 Players Defense
Defense Defense Time % Phy DF OF
1 Jason Demers Brendan Smith 60 1 2 2
2 Johnny Boychuk Dan Hamhuis 40 1 2 2
Penalty Kill - 3 Players Forward
Forward Time % Phy DF OF
1 Wojtek Wolski 60 1 2 2
2 Zack Kassian 40 1 2 2
Penalty Kill - 3 Players Defense
Defense Defense Time % Phy DF OF
1 Jason Demers Brendan Smith 60 1 2 2
2 Johnny Boychuk Dan Hamhuis 40 1 2 2
4 vs 4 Forward
Center Wing Time % Phy DF OF
1 Wojtek Wolski Zack Kassian 60 1 2 2
2 Henrik Sedin Jonathan Toews 40 1 2 2
4 vs 4 Defense
Defense Defense Time % Phy DF OF
1 Jason Demers Brendan Smith 60 1 2 2
2 Johnny Boychuk Dan Hamhuis 40 1 2 2
Last Minutes Offensive
Center Left Wing Right Wing Defense Defense
Henrik Sedin Wojtek Wolski Zack Kassian Jason Demers Brendan Smith
Last Minutes Defensive
Center Left Wing Right Wing Defense Defense
Henrik Sedin Wojtek Wolski Zack Kassian Jason Demers Brendan Smith
Goaltenders
Starting : Kevin Poulin
Backup : Josh Tordjman
Extra Forwards
Normal : Mike Ribeiro, Matt Read, T.J Galiardi - PP : Mike Ribeiro, Matt Read - PK : T.J Galiardi
Extra Defensemen
Normal : Ian Cole, Slava Voynov, Johnny Boychuk - PP : Ian Cole - PK : Slava Voynov, Johnny Boychuk
Penalty Shots
Wojtek Wolski, Zack Kassian, Henrik Sedin, Jonathan Toews, Scott Hartnell
Scratches
Miikka Salomaki (Healthy)
% Time on Ice - Blues
Lines # - Real PCT - Wanted PCT - Time Play
Normal Forward
1 - 34% - 40% - 13:56
2 - 27% - 30% - 10:57
3 - 19% - 20% - 7:47
4 - 20% - 10% - 8:13
Normal Defense
1 - 35% - 40% - 14:09
2 - 38% - 30% - 15:24
3 - 24% - 20% - 9:37
4 - 4% - 10% - 1:43
PP Forward
1 - 61% - 60% - 4:23
2 - 39% - 40% - 2:48
PP Defense
1 - 54% - 60% - 3:54
2 - 46% - 40% - 3:17
PK Forward
1 - 71% - 60% - 8:09
2 - 29% - 40% - 3:24
PK Defense
1 - 56% - 60% - 6:29
2 - 44% - 40% - 5:04
PK3 Forward
1 - 0% - 60%
2 - 0% - 40%
PK3 Defense
1 - 0% - 60%
2 - 0% - 40%
44 Forward
1 - 100% - 60% - 0:23
2 - 0% - 40% - 0:00
44 Defense
1 - 100% - 60% - 0:23
2 - 0% - 40% - 0:00
Last Minute Offensive - 0:00
Last Minute Defensive - 0:00
Total
Forward - 60:00
Defense - 60:00
|
% Time on Ice - Bruins
Lines # - Real PCT - Wanted PCT - Time Play
Normal Forward
1 - 32% - 40% - 13:06
2 - 23% - 30% - 9:27
3 - 23% - 20% - 9:19
4 - 22% - 10% - 9:01
Normal Defense
1 - 41% - 40% - 16:35
2 - 33% - 30% - 13:28
3 - 23% - 20% - 9:30
4 - 3% - 10% - 1:20
PP Forward
1 - 58% - 60% - 6:44
2 - 42% - 40% - 4:49
PP Defense
1 - 59% - 60% - 6:48
2 - 41% - 40% - 4:45
PK Forward
1 - 74% - 60% - 5:19
2 - 26% - 40% - 1:52
PK Defense
1 - 61% - 60% - 4:23
2 - 39% - 40% - 2:48
PK3 Forward
1 - 0% - 60%
2 - 0% - 40%
PK3 Defense
1 - 0% - 60%
2 - 0% - 40%
44 Forward
1 - 100% - 60% - 0:23
2 - 0% - 40% - 0:00
44 Defense
1 - 100% - 60% - 0:23
2 - 0% - 40% - 0:00
Last Minute Offensive - 0:00
Last Minute Defensive - 0:00
Total
Forward - 60:00
Defense - 60:00
|
Play-by-Play
1st period
0:01 of 1st period - Henrik Sedin wins face-off versus Nicklas Backstrom in neutral zone.
0:39 of 1st period - Icing by Brendan Smith.
0:40 of 1st period - Drew Shore wins face-off versus Jonathan Toews in Bruins zone.
1:30 of 1st period - Off-side.
1:31 of 1st period - Nicklas Backstrom wins face-off versus Henrik Sedin in neutral zone.
1:48 of 1st period - Snap shot by Filip Forsberg.
1:48 of 1st period - Shot Misses the Net.
2:16 of 1st period - Snap shot by Zack Kassian.
2:16 of 1st period - Shot Misses the Net.
2:26 of 1st period - Snap shot by Filip Forsberg.
2:26 of 1st period - Shot Misses the Net.
2:28 of 1st period - Wrist shot by Tyler Johnson.
2:28 of 1st period - Stopped by Kevin Poulin with a rebound.
2:30 of 1st period - Snap shot by Filip Forsberg.
2:30 of 1st period - Shot Misses the Net.
2:32 of 1st period - Wrist shot by Tyler Johnson.
2:32 of 1st period - Shot Blocked by Johnny Boychuk.
2:40 of 1st period - Snap shot by Nicklas Backstrom.
2:40 of 1st period - Stopped by Kevin Poulin with a rebound.
2:42 of 1st period - Wrist shot by Filip Forsberg.
2:42 of 1st period - Deflect By Nicklas Backstrom.
2:42 of 1st period - Stopped by Kevin Poulin without a rebound.
2:43 of 1st period - Ryan O'Reilly wins face-off versus Casey Cizikas in Bruins zone.
2:50 of 1st period - David Perron is hit by Ian Cole and loses puck.
3:09 of 1st period - Slava Voynov is hit by Drew Shore.
3:19 of 1st period - Wrist shot by T.J Galiardi.
3:19 of 1st period - Shot Blocked by Anthony Mantha.
3:31 of 1st period - Wrist shot by Linus Omark.
3:31 of 1st period - Shot Misses the Net.
3:33 of 1st period - Slapshot by Yann Sauvé.
3:33 of 1st period - Stopped by Kevin Poulin with a rebound.
5:01 of 1st period - Anthony Mantha is hit by Scott Hartnell and loses puck.
5:14 of 1st period - Slapshot by Fabian Brunnstrom.
5:14 of 1st period - Deflect By Ryan O'Reilly.
5:14 of 1st period - Stopped by Kevin Poulin with a rebound.
5:32 of 1st period - Filip Forsberg is hit by Dan Hamhuis and loses puck.
6:11 of 1st period - Johnny Boychuk is hit by David Perron and loses puck.
6:54 of 1st period - Anthony Mantha is hit by Kris Chucko and loses puck.
7:01 of 1st period - Slapshot by Kris Chucko.
7:01 of 1st period - Shot Blocked by Yann Sauvé.
7:37 of 1st period - Slapshot by Jake Gardiner.
7:37 of 1st period - Shot Misses the Net.
7:59 of 1st period - Slapshot by Filip Forsberg.
7:59 of 1st period - Shot Hit the Post.
8:55 of 1st period - Linus Omark is hit by Matt Read and loses puck.
9:12 of 1st period - Snap shot by Matt Read.
9:12 of 1st period - Shot Hit the Post.
9:33 of 1st period - Alex Pietrangelo is hit by Mike Ribeiro and loses puck.
10:00 of 1st period - Snap shot by Linus Omark.
10:00 of 1st period - Shot Misses the Net.
10:02 of 1st period - Snap shot by Linus Omark.
10:02 of 1st period - Stopped by Kevin Poulin with a rebound.
10:08 of 1st period - Wrist shot by Vincent Lecavalier.
10:08 of 1st period - Stopped by Kevin Poulin with a rebound.
10:10 of 1st period - Slapshot by Ryan Murray.
10:10 of 1st period - Stopped by Kevin Poulin with a rebound.
10:12 of 1st period - Slapshot by Alex Pietrangelo.
10:12 of 1st period - Stopped by Kevin Poulin without a rebound.
10:13 of 1st period - Nicklas Backstrom wins face-off versus Henrik Sedin in Bruins zone.
10:40 of 1st period - Cody Ceci is hit by Victor Oreskovich and loses puck.
10:47 of 1st period - Victor Oreskovich is hit by Ryan O'Reilly and loses puck.
11:02 of 1st period - Wrist shot by Scott Hartnell.
11:02 of 1st period - Shot Misses the Net.
12:06 of 1st period - Brendan Smith is hit by Anthony Mantha and loses puck.
12:37 of 1st period - Jake Gardiner is hit by Johnny Boychuk and loses puck.
12:43 of 1st period - Minor Penalty to Jake Gardiner for High sticking.
12:44 of 1st period - Henrik Sedin wins face-off versus Drew Shore in Blues zone.
13:20 of 1st period - Backhand shot by Jonathan Toews.
13:20 of 1st period - Shot Blocked by Ryan Murray.
14:43 of 1st period - Penalty to Jake Gardiner is over, Jake Gardiner is back on ice.
14:55 of 1st period - Alex Pietrangelo is hit by Jason Demers and loses puck.
14:59 of 1st period - Icing by Brendan Smith.
15:00 of 1st period - Vincent Lecavalier wins face-off versus Casey Cizikas in Bruins zone.
15:17 of 1st period - Snap shot by Kris Chucko.
15:17 of 1st period - Shot Blocked by Vincent Lecavalier.
15:19 of 1st period - Snap shot by Casey Cizikas.
15:19 of 1st period - Stopped by Carey Price with a rebound.
15:21 of 1st period - Slapshot by Rene Bourque.
15:21 of 1st period - Shot Misses the Net.
15:23 of 1st period - Slapshot by Brendan Smith.
15:23 of 1st period - Shot Misses the Net.
15:25 of 1st period - Slapshot by Brendan Smith.
15:25 of 1st period - Stopped by Carey Price with a rebound.
15:41 of 1st period - Wrist shot by Casey Cizikas.
15:41 of 1st period - Stopped by Carey Price without a rebound.
15:42 of 1st period - Nicklas Backstrom wins face-off versus Henrik Sedin in Blues zone.
16:43 of 1st period - Snap shot by Kevin Hayes.
16:43 of 1st period - Shot Misses the Net.
16:57 of 1st period - Wrist shot by Casey Cizikas.
16:57 of 1st period - Shot Blocked by Anthony Mantha.
17:38 of 1st period - Icing by Yann Sauvé.
17:39 of 1st period - Ryan O'Reilly wins face-off versus Mike Ribeiro in Blues zone.
17:48 of 1st period - Wrist shot by Matt Read.
17:48 of 1st period - Shot Misses the Net.
17:50 of 1st period - Snap shot by Jason Demers.
17:50 of 1st period - Stopped by Carey Price with a rebound.
17:52 of 1st period - Slapshot by Jason Demers.
17:52 of 1st period - Shot Blocked by David Perron.
18:14 of 1st period - Snap shot by Nicklas Backstrom.
18:14 of 1st period - Shot Blocked by Brendan Smith.
18:16 of 1st period - Slapshot by Ryan Murray.
18:16 of 1st period - Shot Blocked by Brendan Smith.
18:18 of 1st period - Snap shot by Alex Pietrangelo.
18:18 of 1st period - Shot Misses the Net.
18:32 of 1st period - Fabian Brunnstrom is hit by Scott Hartnell and loses puck.
18:53 of 1st period - Wrist shot by Casey Cizikas.
18:53 of 1st period - Stopped by Carey Price with a rebound.
18:57 of 1st period - Slapshot by Casey Cizikas.
18:57 of 1st period - Shot Blocked by Cody Ceci.
18:59 of 1st period - Backhand shot by Rene Bourque.
18:59 of 1st period - Shot Misses the Net.
19:01 of 1st period - Wrist shot by Rene Bourque.
19:01 of 1st period - Deflect By Kris Chucko.
19:01 of 1st period - Shot Blocked by Cody Ceci.
19:01 of 1st period - Puck is out of play.
19:02 of 1st period - Henrik Sedin wins face-off versus Nicklas Backstrom in Blues zone.
19:06 of 1st period - Minor Penalty to Filip Forsberg for Delaying the game.
19:07 of 1st period - Drew Shore wins face-off versus Henrik Sedin in Blues zone.
19:41 of 1st period - Snap shot by Jonathan Toews.
19:41 of 1st period - Goal by Jonathan Toews - Blues : 0 - Bruins : 1.
19:42 of 1st period - Nicklas Backstrom wins face-off versus Henrik Sedin in neutral zone.
19:49 of 1st period - Snap shot by Tyler Johnson.
19:49 of 1st period - Stopped by Kevin Poulin without a rebound.
19:50 of 1st period - Nicklas Backstrom wins face-off versus Henrik Sedin in Bruins zone.
Goals for this period are 0 for Blues vs 1 for Bruins.
Shots for this period are 10 for Blues vs 6 for Bruins.
2nd period
0:01 of 2nd period - Nicklas Backstrom wins face-off versus Henrik Sedin in neutral zone.
0:07 of 2nd period - Minor Penalty to Zack Kassian for Holding.
0:08 of 2nd period - Nicklas Backstrom wins face-off versus Wojtek Wolski in Bruins zone.
1:13 of 2nd period - Johnny Boychuk is hit by Kevin Hayes and loses puck.
1:30 of 2nd period - Jake Gardiner is hit by Scott Hartnell and loses puck.
1:55 of 2nd period - Scott Hartnell is hit by Kevin Hayes and loses puck.
2:07 of 2nd period - Penalty to Zack Kassian is over, Zack Kassian is back on ice.
2:21 of 2nd period - Minor Penalty to Ryan Murray for Slashing.
2:22 of 2nd period - Drew Shore wins face-off versus Henrik Sedin in Blues zone.
2:32 of 2nd period - Wrist shot by Jason Demers.
2:32 of 2nd period - Stopped by Carey Price with a rebound.
2:46 of 2nd period - Yann Sauvé is hit by Victor Oreskovich and loses puck.
3:13 of 2nd period - Icing by Wojtek Wolski.
3:14 of 2nd period - Henrik Sedin wins face-off versus Tyler Johnson in Bruins zone.
4:21 of 2nd period - Penalty to Ryan Murray is over, Ryan Murray is back on ice.
4:34 of 2nd period - Off-side.
4:35 of 2nd period - Vincent Lecavalier wins face-off versus Rene Bourque in neutral zone.
4:48 of 2nd period - Slapshot by Kris Chucko.
4:48 of 2nd period - Stopped by Carey Price with a rebound.
4:50 of 2nd period - Slapshot by Kris Chucko.
4:50 of 2nd period - Shot Misses the Net.
4:54 of 2nd period - Snap shot by Casey Cizikas.
4:54 of 2nd period - Stopped by Carey Price with a rebound.
4:56 of 2nd period - Snap shot by Kris Chucko.
4:56 of 2nd period - Shot Blocked by Brandon Yip.
4:58 of 2nd period - Slapshot by Slava Voynov.
4:58 of 2nd period - Deflect By Casey Cizikas.
4:58 of 2nd period - Stopped by Carey Price without a rebound.
4:59 of 2nd period - Nicklas Backstrom wins face-off versus Henrik Sedin in Blues zone.
5:08 of 2nd period - Snap shot by Tyler Johnson.
5:08 of 2nd period - Deflect By Filip Forsberg.
5:08 of 2nd period - Deflect By Henrik Sedin.
5:08 of 2nd period - Stopped by Kevin Poulin with a rebound.
5:34 of 2nd period - Snap shot by Scott Hartnell.
5:34 of 2nd period - Stopped by Carey Price without a rebound.
5:35 of 2nd period - David Perron wins face-off versus Henrik Sedin in Blues zone.
5:42 of 2nd period - Wrist shot by Ryan O'Reilly.
5:42 of 2nd period - Shot Misses the Net.
6:00 of 2nd period - Kevin Hayes is hit by Jason Demers and loses puck.
6:15 of 2nd period - Snap shot by Alex Pietrangelo.
6:15 of 2nd period - Stopped by Kevin Poulin without a rebound.
6:16 of 2nd period - Nicklas Backstrom wins face-off versus Henrik Sedin in Bruins zone.
6:25 of 2nd period - Filip Forsberg is hit by Dan Hamhuis and loses puck.
6:32 of 2nd period - Snap shot by Wojtek Wolski.
6:32 of 2nd period - Shot Blocked by Cody Ceci.
6:42 of 2nd period - Tyler Johnson is hit by Dan Hamhuis and loses puck.
6:51 of 2nd period - Snap shot by T.J Galiardi.
6:51 of 2nd period - Stopped by Carey Price with a rebound.
6:53 of 2nd period - Slapshot by Brendan Smith.
6:53 of 2nd period - Stopped by Carey Price with a rebound.
6:55 of 2nd period - Snap shot by Matt Read.
6:55 of 2nd period - Shot Misses the Net.
7:24 of 2nd period - Snap shot by Casey Cizikas.
7:24 of 2nd period - Stopped by Carey Price with a rebound.
7:26 of 2nd period - Slapshot by Ian Cole.
7:26 of 2nd period - Shot Misses the Net.
7:52 of 2nd period - Wrist shot by Zack Kassian.
7:52 of 2nd period - Stopped by Carey Price with a rebound.
8:00 of 2nd period - Slapshot by Vincent Lecavalier.
8:00 of 2nd period - Shot Misses the Net.
8:14 of 2nd period - Wrist shot by Jonathan Toews.
8:14 of 2nd period - Stopped by Carey Price with a rebound.
8:20 of 2nd period - Wrist shot by Victor Oreskovich.
8:20 of 2nd period - Stopped by Carey Price without a rebound.
8:21 of 2nd period - Nicklas Backstrom wins face-off versus Jonathan Toews in Blues zone.
8:30 of 2nd period - Snap shot by Victor Oreskovich.
8:30 of 2nd period - Stopped by Carey Price with a rebound.
8:42 of 2nd period - Wrist shot by Zack Kassian.
8:42 of 2nd period - Shot Blocked by Yann Sauvé.
8:44 of 2nd period - Snap shot by Zack Kassian.
8:44 of 2nd period - Shot Blocked by Jake Gardiner.
9:12 of 2nd period - Minor Penalty to Anthony Mantha for Roughing.
9:13 of 2nd period - Wojtek Wolski wins face-off versus Drew Shore in Blues zone.
9:18 of 2nd period - Wrist shot by Wojtek Wolski.
9:18 of 2nd period - Stopped by Carey Price without a rebound.
9:19 of 2nd period - Drew Shore wins face-off versus Henrik Sedin in Blues zone.
9:19 of 2nd period - Drew Shore is hit by Jason Demers.
10:17 of 2nd period - Tyler Johnson is hit by Jonathan Toews and loses puck.
10:36 of 2nd period - Zack Kassian is hit by Ryan O'Reilly and loses puck.
11:12 of 2nd period - Penalty to Anthony Mantha is over, Anthony Mantha is back on ice.
11:19 of 2nd period - Backhand shot by Anthony Mantha.
11:19 of 2nd period - Shot Misses the Net.
11:22 of 2nd period - Icing by Casey Cizikas.
11:23 of 2nd period - Casey Cizikas wins face-off versus Vincent Lecavalier in Bruins zone.
11:43 of 2nd period - Snap shot by Kris Chucko.
11:43 of 2nd period - Stopped by Carey Price without a rebound.
11:44 of 2nd period - Jonathan Toews wins face-off versus Ryan O'Reilly in Blues zone.
11:59 of 2nd period - Backhand shot by David Perron.
11:59 of 2nd period - Shot Misses the Net.
12:13 of 2nd period - Tyler Johnson is hit by Zack Kassian and loses puck.
12:42 of 2nd period - Snap shot by T.J Galiardi.
12:42 of 2nd period - Stopped by Carey Price without a rebound.
12:43 of 2nd period - Ryan O'Reilly wins face-off versus Jonathan Toews in Blues zone.
12:43 of 2nd period - Ryan O'Reilly is hit by Jonathan Toews.
12:55 of 2nd period - Snap shot by David Perron.
12:55 of 2nd period - Shot Misses the Net.
13:01 of 2nd period - Cody Ceci is hit by Jonathan Toews and loses puck.
13:14 of 2nd period - Brendan Smith is hit by Tyler Johnson and loses puck.
13:21 of 2nd period - Snap shot by Tyler Johnson.
13:21 of 2nd period - Stopped by Kevin Poulin without a rebound.
13:22 of 2nd period - Nicklas Backstrom wins face-off versus Mike Ribeiro in Bruins zone.
13:26 of 2nd period - Minor Penalty to Slava Voynov for Holding.
13:27 of 2nd period - Wojtek Wolski wins face-off versus Nicklas Backstrom in Bruins zone.
14:03 of 2nd period - Snap shot by Henrik Sedin.
14:03 of 2nd period - Stopped by Carey Price with a rebound.
15:26 of 2nd period - Penalty to Slava Voynov is over, Slava Voynov is back on ice.
15:39 of 2nd period - Snap shot by T.J Galiardi.
15:39 of 2nd period - Shot Misses the Net.
15:41 of 2nd period - Snap shot by T.J Galiardi.
15:41 of 2nd period - Shot Misses the Net.
15:43 of 2nd period - Snap shot by T.J Galiardi.
15:43 of 2nd period - Stopped by Carey Price with a rebound.
15:45 of 2nd period - Slapshot by Johnny Boychuk.
15:45 of 2nd period - Shot Blocked by Ryan Murray.
16:50 of 2nd period - Off-side.
16:51 of 2nd period - Mike Ribeiro wins face-off versus Nicklas Backstrom in neutral zone.
17:46 of 2nd period - Slapshot by Alex Pietrangelo.
17:46 of 2nd period - Stopped by Kevin Poulin with a rebound.
17:48 of 2nd period - Slapshot by Alex Pietrangelo.
17:48 of 2nd period - Shot Misses the Net.
17:50 of 2nd period - Slapshot by Drew Shore.
17:50 of 2nd period - Goal by Drew Shore - Blues : 1 - Bruins : 1.
17:51 of 2nd period - Nicklas Backstrom wins face-off versus Henrik Sedin in neutral zone.
18:24 of 2nd period - Snap shot by Scott Hartnell.
18:24 of 2nd period - Deflect By Victor Oreskovich.
18:24 of 2nd period - Goal by Victor Oreskovich - Blues : 1 - Bruins : 2.
18:25 of 2nd period - Henrik Sedin wins face-off versus Nicklas Backstrom in neutral zone.
18:50 of 2nd period - Henrik Sedin is hit by Tyler Johnson and loses puck.
19:19 of 2nd period - Wrist shot by Zack Kassian.
19:19 of 2nd period - Shot Misses the Net.
19:21 of 2nd period - Slapshot by Brendan Smith.
19:21 of 2nd period - Deflect By Wojtek Wolski.
19:21 of 2nd period - Shot Blocked by Alex Pietrangelo.
19:21 of 2nd period - Puck is out of play.
19:22 of 2nd period - Jonathan Toews wins face-off versus Kevin Hayes in Blues zone.
19:27 of 2nd period - Snap shot by Jonathan Toews.
19:27 of 2nd period - Stopped by Carey Price without a rebound.
19:28 of 2nd period - Jonathan Toews wins face-off versus Ryan O'Reilly in Blues zone.
Goals for this period are 1 for Blues vs 1 for Bruins.
Shots for this period are 5 for Blues vs 19 for Bruins.
3rd period
0:01 of 3rd period - Nicklas Backstrom wins face-off versus Zack Kassian in neutral zone.
0:08 of 3rd period - Off-side.
0:09 of 3rd period - Nicklas Backstrom wins face-off versus Henrik Sedin in neutral zone.
0:15 of 3rd period - Minor Penalty to Henrik Sedin for Holding.
0:16 of 3rd period - Nicklas Backstrom wins face-off versus Wojtek Wolski in Bruins zone.
0:30 of 3rd period - Slapshot by Jason Demers.
0:30 of 3rd period - Shot Misses the Net.
0:42 of 3rd period - T.J Galiardi is hit by Jake Gardiner.
1:17 of 3rd period - Snap shot by Ryan O'Reilly.
1:17 of 3rd period - Shot Misses the Net.
1:19 of 3rd period - Slapshot by Jake Gardiner.
1:19 of 3rd period - Deflect By Ryan O'Reilly.
1:19 of 3rd period - Shot Misses the Net.
1:19 of 3rd period - Puck is out of play.
1:20 of 3rd period - Wojtek Wolski wins face-off versus Nicklas Backstrom in Bruins zone.
1:41 of 3rd period - T.J Galiardi is hit by David Perron and loses puck.
2:15 of 3rd period - Penalty to Henrik Sedin is over, Henrik Sedin is back on ice.
2:35 of 3rd period - Wrist shot by Drew Shore.
2:35 of 3rd period - Stopped by Kevin Poulin without a rebound.
2:36 of 3rd period - Jonathan Toews wins face-off versus Vincent Lecavalier in Bruins zone.
2:47 of 3rd period - Wrist shot by Jonathan Toews.
2:47 of 3rd period - Shot Blocked by Jake Gardiner.
3:09 of 3rd period - Slapshot by Henrik Sedin.
3:09 of 3rd period - Shot Misses the Net.
3:14 of 3rd period - Minor Penalty to Fabian Brunnstrom for Holding.
3:15 of 3rd period - Drew Shore wins face-off versus Henrik Sedin in Blues zone.
3:45 of 3rd period - Snap shot by Jonathan Toews.
3:45 of 3rd period - Shot Misses the Net.
3:47 of 3rd period - Snap shot by Jonathan Toews.
3:47 of 3rd period - Shot Misses the Net.
3:49 of 3rd period - Slapshot by Jason Demers.
3:49 of 3rd period - Stopped by Carey Price with a rebound.
3:51 of 3rd period - Slapshot by Brendan Smith.
3:51 of 3rd period - Stopped by Carey Price without a rebound.
3:52 of 3rd period - Jonathan Toews wins face-off versus Drew Shore in Blues zone.
4:05 of 3rd period - Snap shot by Jonathan Toews.
4:05 of 3rd period - Stopped by Carey Price with a rebound.
4:07 of 3rd period - Slapshot by Jonathan Toews.
4:07 of 3rd period - Shot Blocked by Cody Ceci.
4:50 of 3rd period - Minor Penalty to Zack Kassian for Holding Stick.
4:51 of 3rd period - Wojtek Wolski wins face-off versus Nicklas Backstrom in Bruins zone.
5:07 of 3rd period - Icing by Jason Demers.
5:08 of 3rd period - Nicklas Backstrom wins face-off versus Wojtek Wolski in Bruins zone.
5:11 of 3rd period - Wrist shot by Nicklas Backstrom.
5:11 of 3rd period - Shot Misses the Net.
5:14 of 3rd period - Penalty to Fabian Brunnstrom is over, Fabian Brunnstrom is back on ice.
5:25 of 3rd period - Snap shot by Alex Pietrangelo.
5:25 of 3rd period - Shot Misses the Net.
5:27 of 3rd period - Snap shot by Tyler Johnson.
5:27 of 3rd period - Goal by Tyler Johnson - Blues : 2 - Bruins : 2.
5:28 of 3rd period - Ryan O'Reilly wins face-off versus Henrik Sedin in neutral zone.
5:33 of 3rd period - Wrist shot by Alex Pietrangelo.
5:33 of 3rd period - Shot Blocked by Wojtek Wolski.
5:52 of 3rd period - Minor Penalty to Filip Forsberg for Holding.
5:53 of 3rd period - Drew Shore wins face-off versus Henrik Sedin in Blues zone.
6:04 of 3rd period - Snap shot by Zack Kassian.
6:04 of 3rd period - Deflect By Yann Sauvé.
6:04 of 3rd period - Stopped by Carey Price with a rebound.
6:06 of 3rd period - Snap shot by Henrik Sedin.
6:06 of 3rd period - Shot Misses the Net.
6:08 of 3rd period - Slapshot by Jason Demers.
6:08 of 3rd period - Shot Blocked by Drew Shore.
6:10 of 3rd period - Slapshot by Brendan Smith.
6:10 of 3rd period - Deflect By Wojtek Wolski.
6:10 of 3rd period - Stopped by Carey Price with a rebound.
7:52 of 3rd period - Penalty to Filip Forsberg is over, Filip Forsberg is back on ice.
8:03 of 3rd period - Jason Demers is hit by Brandon Yip and loses puck.
8:24 of 3rd period - Snap shot by Kris Chucko.
8:24 of 3rd period - Deflect By Rene Bourque.
8:24 of 3rd period - Stopped by Carey Price without a rebound.
8:25 of 3rd period - Rene Bourque wins face-off versus Tyler Johnson in Blues zone.
8:34 of 3rd period - Wrist shot by Nicklas Backstrom.
8:34 of 3rd period - Shot Misses the Net.
8:40 of 3rd period - Filip Forsberg is hit by Slava Voynov and loses puck.
9:07 of 3rd period - Casey Cizikas is hit by Tyler Johnson and loses puck.
9:53 of 3rd period - Snap shot by Casey Cizikas.
9:53 of 3rd period - Shot Misses the Net.
9:55 of 3rd period - Wrist shot by Casey Cizikas.
9:55 of 3rd period - Stopped by Carey Price with a rebound.
10:19 of 3rd period - Snap shot by Nicklas Backstrom.
10:19 of 3rd period - Shot Misses the Net.
10:49 of 3rd period - Slapshot by Johnny Boychuk.
10:49 of 3rd period - Stopped by Carey Price without a rebound.
10:50 of 3rd period - Henrik Sedin wins face-off versus Ryan O'Reilly in Blues zone.
11:05 of 3rd period - Off-side.
11:06 of 3rd period - Jonathan Toews wins face-off versus Drew Shore in neutral zone.
11:13 of 3rd period - Snap shot by Jonathan Toews.
11:13 of 3rd period - Shot Misses the Net.
11:15 of 3rd period - Slapshot by Jonathan Toews.
11:15 of 3rd period - Shot Blocked by Alex Pietrangelo.
11:17 of 3rd period - Wrist shot by Jonathan Toews.
11:17 of 3rd period - Shot Misses the Net.
11:49 of 3rd period - Icing by Slava Voynov.
11:50 of 3rd period - Vincent Lecavalier wins face-off versus Mike Ribeiro in Bruins zone.
11:51 of 3rd period - Snap shot by Linus Omark.
11:51 of 3rd period - Shot Misses the Net.
12:07 of 3rd period - Icing by Vincent Lecavalier.
12:08 of 3rd period - Vincent Lecavalier wins face-off versus Henrik Sedin in Blues zone.
12:23 of 3rd period - Slapshot by Vincent Lecavalier.
12:23 of 3rd period - Shot Blocked by Henrik Sedin.
12:46 of 3rd period - Off-side.
12:47 of 3rd period - Ryan O'Reilly wins face-off versus Henrik Sedin in neutral zone.
12:50 of 3rd period - Slapshot by Alex Pietrangelo.
12:50 of 3rd period - Shot Misses the Net.
12:56 of 3rd period - Alex Pietrangelo is hit by Zack Kassian and loses puck.
13:17 of 3rd period - Anthony Mantha is hit by Jonathan Toews and loses puck.
13:26 of 3rd period - Snap shot by Victor Oreskovich.
13:26 of 3rd period - Stopped by Carey Price without a rebound.
13:27 of 3rd period - Mike Ribeiro wins face-off versus Ryan O'Reilly in Blues zone.
13:32 of 3rd period - Slapshot by Matt Read.
13:32 of 3rd period - Stopped by Carey Price without a rebound.
13:33 of 3rd period - Ryan O'Reilly wins face-off versus Mike Ribeiro in Blues zone.
13:33 of 3rd period - Ryan O'Reilly is hit by T.J Galiardi.
13:50 of 3rd period - Yann Sauvé is hit by Mike Ribeiro and loses puck.
14:31 of 3rd period - Matt Read is hit by Jake Gardiner and loses puck.
14:49 of 3rd period - Minor Penalty to Jason Demers for Holding.
14:50 of 3rd period - Nicklas Backstrom wins face-off versus Wojtek Wolski in Bruins zone.
14:55 of 3rd period - Wrist shot by Tyler Johnson.
14:55 of 3rd period - Stopped by Kevin Poulin with a rebound.
14:57 of 3rd period - Snap shot by Ryan Murray.
14:57 of 3rd period - Stopped by Kevin Poulin with a rebound.
14:59 of 3rd period - Snap shot by Nicklas Backstrom.
14:59 of 3rd period - Stopped by Kevin Poulin without a rebound.
15:00 of 3rd period - Wojtek Wolski wins face-off versus Nicklas Backstrom in Bruins zone.
15:13 of 3rd period - Wrist shot by Nicklas Backstrom.
15:13 of 3rd period - Shot Misses the Net.
15:15 of 3rd period - Snap shot by Jacob Slavin.
15:15 of 3rd period - Shot Blocked by Wojtek Wolski.
15:17 of 3rd period - Snap shot by Ryan Murray.
15:17 of 3rd period - Stopped by Kevin Poulin with a rebound.
15:45 of 3rd period - Snap shot by Nicklas Backstrom.
15:45 of 3rd period - Shot Misses the Net.
15:47 of 3rd period - Slapshot by Jacob Slavin.
15:47 of 3rd period - Deflect By Brendan Smith.
15:47 of 3rd period - Stopped by Kevin Poulin with a rebound.
15:49 of 3rd period - Wrist shot by Linus Omark.
15:49 of 3rd period - Goal by Linus Omark - Blues : 3 - Bruins : 2.
15:50 of 3rd period - Mike Ribeiro wins face-off versus Anthony Mantha in neutral zone.
15:52 of 3rd period - Jason Demers is hit by Alex Pietrangelo and loses puck.
16:16 of 3rd period - Slapshot by David Perron.
16:16 of 3rd period - Shot Blocked by Brendan Smith.
16:18 of 3rd period - Wrist shot by Kevin Hayes.
16:18 of 3rd period - Stopped by Kevin Poulin without a rebound.
16:19 of 3rd period - Ryan O'Reilly wins face-off versus Henrik Sedin in Bruins zone.
16:20 of 3rd period - Snap shot by David Perron.
16:20 of 3rd period - Shot Misses the Net.
16:22 of 3rd period - Snap shot by Jacob Slavin.
16:22 of 3rd period - Deflect By Wojtek Wolski.
16:22 of 3rd period - Stopped by Kevin Poulin without a rebound.
16:23 of 3rd period - Mike Ribeiro wins face-off versus Drew Shore in Bruins zone.
17:30 of 3rd period - Jason Demers is hit by Alex Pietrangelo and loses puck.
18:15 of 3rd period - Wrist shot by Henrik Sedin.
18:15 of 3rd period - Stopped by Carey Price with a rebound.
18:33 of 3rd period - Minor Penalty to Filip Forsberg for Hooking.
18:34 of 3rd period - Henrik Sedin wins face-off versus Drew Shore in Blues zone.
18:49 of 3rd period - Bruins, Kevin Poulin is pulled from the net.
Goals for this period are 2 for Blues vs 0 for Bruins.
Shots for this period are 10 for Blues vs 11 for Bruins.